 Dungeon Crawl Stone Soup version 0.31-a0-145-g046c7d2549 (webtiles) character file.

Game seed: 10645647447654271254

25 wayreth the Trooper (level 2, 0/25 HPs)
             Began as a Demonspawn Monk on June 6, 2023.
             Killed by nerve-wracking pain
             ... invoked by Grinder
              (8 damage)
             ... while paralysed by Grinder
             ... on level 3 of the Dungeon.
             The game lasted 00:06:04 (1527 turns).

wayreth the Trooper (Demonspawn Monk)               Turns: 1527, Time: 00:06:04

Health: 0/25       AC:  4    Str: 11    XL:     2   Next: 86%
Magic:  2/2        EV:  2    Int: 11    God:
Gold:   69         SH:  0    Dex: 15    Spells: 1/1 levels left

rFire   . .          .
                       - Unarmed
rCold   . . .        c - orb {light}
rNeg    . . .        a - +0 robe
rPois   .            (no helmet)
rElec   .            (no cloak)
rCorr   .            (no gloves)
SInv    .            h - +1 pair of boots
Will    .....        (no amulet)
Stlth   +            (no ring)
HPRegen 0.24/turn    (no ring)
MPRegen 0.08/turn

%: no passive effects
@: paralysed, glowing
A: demonic magic 1
a: no special abilities


You were on level 3 of the Dungeon.
You visited 1 branch of the dungeon, and saw 3 of its levels.

You collected 81 gold pieces.
You spent 12 gold pieces at shops.

Inventory:

Armour
 a - a +0 robe (worn)
 c - an orb of light (worn)
 h - a +1 pair of boots (worn)
Scrolls
 d - a scroll of immolation {unknown}
 e - a scroll of fear
 f - a scroll of vulnerability {unknown}
 g - a scroll of noise {unknown}
 i - 3 scrolls of identify
 j - a scroll of teleportation {unknown}
 k - a scroll of poison {unknown}
Potions
 b - a potion of ambrosia
 l - 2 potions of curing {unknown}


   Skills:
 * Level 4.1 Fighting
 - Level 2.6 Dodging
 - Level 2.6 Unarmed Combat


You had one spell level left.
You didn't know any spells.
Your spell library contained the following spells:

 Spells                   Type           Power      Damage    Failure   Level
 Beastly Appendage        Tmut           0%         N/A       34%         1
 Wereblood                Tmut           0%         N/A       47%         2
 Spider Form              Tmut/Pois      0%         N/A       71%         3


Dungeon Overview and Level Annotations

Branches:
Dungeon (3/15)

Altars:

Shops:
D:3 !

Annotations:
D:3 Grinder


Innate Abilities, Weirdness & Mutations

Spells you cast may paralyse adjacent enemies.


Message History

You barely miss Grinder. The frilled lizard barely misses you.
Grinder closely misses you.
The frilled lizard attacks as you move away!
The frilled lizard bites you.
The frilled lizard attacks as you move away!
The frilled lizard bites you but does no damage.
Grinder says, "Tell me all your secrets, or I'll kill you."
Grinder attacks as you move away! Grinder hits you.
Grinder says, "Don't move a muscle."
Grinder blinks!
The frilled lizard attacks as you move away!
The frilled lizard closely misses you.
The frilled lizard attacks as you move away!
The frilled lizard barely misses you.
You hit the frilled lizard.
You kill the frilled lizard!
Sorry, you're not good enough to have a special ability.
You don't know any spells.
You don't know any spells.
Grinder gestures at you.
You struggle to resist.
You see here a frilled lizard corpse.
Grinder hits you.
You writhe in agony.
You hit Grinder but do no damage. Grinder gestures at you.
You struggle to resist.
You barely miss Grinder. Grinder hits you.
You writhe in agony.
* * * LOW HITPOINT WARNING * * *
Grinder gestures at you.
You suddenly lose the ability to move!
You can move again.
You see here a frilled lizard corpse.
Grinder gestures at you.
You suddenly lose the ability to move!
Grinder says, "I used to sell toenails on the black market."
Grinder gestures at you.
You barely resist. Grinder gestures at you. Pain shoots through your body!
You die...

#.# #.# #.# #.# ### ### #.#
##.## ..#####.#######.<.####
.............#.......#
..####.#####.##...##∩#########
.†# #.......###@###.........#
..# #..#....†.5.# #########.#
.<# #..#.##.##### #<# ..#
#..#. #.# #.# ### #... ..# .#.
# ##.#.##.# .# ## # #......#
#. ## #### #


You could see Grinder.

Vanquished Creatures
  5 endoplasms
  4 hobgoblins (D:1)
  A ball python (D:2)
  4 bats
  3 frilled lizards
  5 kobolds
  2 rats (D:2)
24 creatures vanquished.

Notes
Turn   | Place    | Note
-------+----------+-------------------------------------------
     0 | D:1      | wayreth the Demonspawn Monk began the quest for the Orb.
     0 | D:1      | Reached XP level 1. HP: 18/18 MP: 1/1
   159 | D:1      | Gained mutation: Spells you cast may paralyse adjacent
                  | enemies. [demonic ancestry]
   159 | D:1      | Reached XP level 2. HP: 24/24 MP: 2/2
   971 | D:2      | Reached skill level 4 in Fighting
  1450 | D:3      | Found Inog's Distillery.
  1459 | D:3      | Bought a potion of degeneration for 12 gold pieces
  1490 | D:3      | Noticed Grinder
  1493 | D:3      | Paralysed by Grinder for 3 turns
  1519 | D:3      | Paralysed by Grinder for 2 turns
  1524 | D:3      | Paralysed by Grinder for 5 turns
  1527 | D:3      | Killed from afar by Grinder

Illustrated notes

Levels and vault maps discovered:
D:1:      minmay_arrival_wavy_path, layout_basic
D:2:      layout_rooms
D:3:      layout_loops_cross, mainiacjoe_overflow_paths, serial_shops, shop,
          uniq_jessica, uniq_grinder

Skill      XL: |  1  2 |
---------------+-------+-----
Fighting       | 4 |  4.1
Dodging        | |  2.6
Unarmed Combat | |  2.6

Action                     || total
---------------------------++-------
  Melee: Unarmed           ||    90
    Use: Scroll            ||     3
         Potion            ||     1
 Armour: Robe              ||    19
  Dodge: Dodged            ||    62

Table legend: (Time is in decaauts)
 A = Elapsed time spent in this place.
 B = Non-inter-level travel time spent in this place.
 C = Inter-level travel time spent in this place.
 D = Time resting spent in this place.
 E = Time spent auto-exploring this place.
 F = Levels seen in this place.
 G = Mean time per level.
                   A        B        C        D        E       F      G
               +--------+--------+--------+--------+--------+-----+--------+
         Total |   1503 |   1448 |     55 |      0 |   1221 |   3 |  501.0 |
       Dungeon |   1503 |   1448 |     55 |      0 |   1221 |   3 |  501.0 |
               +--------+--------+--------+--------+--------+-----+--------+

Top non-repeatable levels by time:
     D:1: 853 daAuts
     D:2: 571 daAuts
     D:3: 79 daAuts
